 Dungeon Crawl Stone Soup version 0.17-a0-1945-gfe993df (webtiles) character file.

116 4thArraOfDagon the Ruffian (level 4, -12/45 HPs)
             Began as a Troll Monk on Sept 30, 2015.
             Mangled by 4thArraOfDagon's ghost (19 damage)
             ... on level 4 of the Dungeon.
             The game lasted 00:02:48 (578 turns).

4thArraOfDagon the Ruffian (Troll Monk)              Turns: 578, Time: 00:02:48

Health: -12/45     AC:  5    Str: 19    XL:     4   Next: 70%
Magic:  3/3        EV: 10    Int:  7    God:
Gold:   28         SH:  0    Dex: 12    Spells: 0 memorised, 3 levels left

rFire  . . .     SeeInvis .       - Unarmed
rCold  . . .     Clarity  .     a - +0 robe
rNeg   . . .     SustAt   .     (no shield)
rPois  .         Gourm    +     (helmet restricted)
rElec  .         Spirit   .     (no cloak)
rCorr  .         Warding  .     (gloves unavailable)
rMut   .         Stasis   .     (boots unavailable)
MR     .....                    (no amulet)
Stlth  +.........               (no ring)
                                (no ring)

@: not resistant to hostile enchantments, very unstealthy
A: unfitting armour, claws 3, fast metabolism 3, gourmand, regeneration 2,
shaggy fur 1, tough skin 2
a: no special abilities


You were on level 4 of the Dungeon.
You were full.

You visited 1 branch of the dungeon, and saw 4 of its levels.
You also visited: Ossuary.

You collected 28 gold pieces.

Inventory:

Missiles
 f - 4 curare-tipped needles
Armour
 a - a +0 robe (worn)
Magical devices
 i - a wand of frost (40)
 l - a wand of magic darts (29)
Scrolls
 e - 3 scrolls of identify {unknown}
 h - 3 scrolls of remove curse {unknown}
 j - a scroll of fog {unknown}
 m - a scroll of blinking {unknown}
 n - a scroll of immolation {unknown}
 o - a scroll of teleportation {unknown}
 p - a scroll of enchant weapon {unknown}
 r - a scroll of vulnerability {unknown}
Potions
 c - 2 potions of haste {unknown}
 d - 4 potions of curing {unknown}
 g - 2 potions of heal wounds {unknown}
 k - a potion of cancellation
 q - a potion of poison {unknown}
Comestibles
 b - 3 bread rations


   Skills:
 + Level 3.0 Fighting
 + Level 3.1 Dodging
 - Level 1.1 Stealth
 * Level 5.1 Unarmed Combat


You had 3 spell levels left.
You didn't know any spells.

Dungeon Overview and Level Annotations

Branches:
Dungeon (4/15)
 Temple: D:4-7

Altars:
Elyvilon
Vehumet

Annotations:
D:4 4thArraOfDagon's ghost, average TeGl


Innate Abilities, Weirdness & Mutations

You are too large for most types of armour.
You have claws for hands.
Your metabolism is lightning-fast.
You like to eat raw meat.
You heal very quickly.
You are covered in fur (AC +1).
You have very tough skin (AC +2).


Message History

You are electrocuted!
* * * LOW HITPOINT WARNING * * *
You are too injured to fight recklessly!
Unknown command. 4thArraOfDagon's ghost says, "I'll split you in two!"
Press: ? - help, v - describe, . - travel
Here: 4thArraOfDagon's ghost, wielding a weapon of electrocution (severely damaged)
The floor. 4thArraOfDagon's ghost shrieks, "You will join me soon!"
You closely miss 4thArraOfDagon's ghost. 4thArraOfDagon's ghost is heavily damaged. 4thArraOfDagon's ghost hits you!
* * * LOW HITPOINT WARNING * * *
Unknown command.
You scratch 4thArraOfDagon's ghost. 4thArraOfDagon's ghost is severely damaged. 4thArraOfDagon's ghost hits you!
* * * LOW HITPOINT WARNING * * *
You are electrocuted!
You die...

#...# #.# #
##...# #.# #
###....###.# #
#.......##.# #
##.##'##.##.#
#..#...#.##.####
#..†...'.......#
#.W#...#..$....#
#.@#####...|...#
#..............#
#.......#......#
#########......#
....... .......
....... .......


You could see 4thArraOfDagon's ghost.

Vanquished Creatures
  3 mummies (Ossuary)
  3 adders
  7 adder zombies (Ossuary)
  An orc (D:4)
  A ball python (D:2)
  3 goblins
  A bat (D:1)
  2 giant cockroaches
  2 giant geckos (D:4)
  A giant newt (D:1)
  A goblin zombie (Ossuary)
  4 hobgoblin zombies (Ossuary)
  3 kobolds
  A kobold zombie (Ossuary)
  2 quokka zombies (Ossuary)
  3 rats (D:1)
  3 rat zombies (Ossuary)
41 creatures vanquished.

Notes
Turn   | Place    | Note
--------------------------------------------------------------
     0 | D:1      | 4thArraOfDagon the Troll Monk began the quest for the Orb.
     0 | D:1      | Reached XP level 1. HP: 22/22 MP: 0/0
   121 | D:2      | Found a white marble altar of Elyvilon.
   165 | D:2      | Reached XP level 2. HP: 23/29 MP: 1/1
   228 | D:3      | Reached XP level 3. HP: 22/36 MP: 2/2
   231 | D:3      | Found a radiant altar of Vehumet.
   359 | D:4      | Found a sand-covered staircase.
   365 | D:4      | Noticed 4thArraOfDagon's ghost (average TeGl)
   369 | Ossuary  | Entered an ossuary
   380 | Ossuary  | Reached skill level 5 in Unarmed Combat
   380 | Ossuary  | Reached XP level 4. HP: 38/45 MP: 3/3
   578 | D:4      | Mangled by 4thArraOfDagon's ghost

Vault maps used:
D:1:      roderic_chinese_lattice_arrival
D:2:      lemuel_crystal_altar, elyvilon_altar_4, uniq_terence
D:3:      vehumet_crystals
D:4:      nicolae_overflow_hidden_temple, enter_ossuary_2, first_bread
Ossuary:  ossuary_minmay_chase

Action                   |  1- 3 |  4- 6 || total
-------------------------+-------+-------++-------
Melee: Unarmed           |    62 |    75 ||   137
  Use: Potion            |     1 |       ||     1
  Eat: Chunk             |     7 |       ||     7
